 Dungeon Crawl Stone Soup version 0.30.0-29-ga12c61a403 (webtiles) character file.

Game seed: 3831571968782480497

1333 DildoBatman the Conjurer (level 8, 0/61 HPs)
             Began as a Formicid Conjurer on June 6, 2023.
             Slain by a gnoll
             ... wielding a +0 halberd
             ... led by a gnoll bouda
              (10 damage)
             ... on level 8 of the Dungeon.
             The game lasted 00:14:34 (5336 turns).

DildoBatman the Conjurer (Formicid Conjurer)        Turns: 5336, Time: 00:14:35

Health: 0/61       AC:  3    Str: 12    XL:     8   Next: 92%
Magic:  24/24      EV: 17    Int: 20    God:
Gold:   328        SH:  4    Dex: 12    Spells: 10/16 levels left

rFire   . . .        b - +4 spear
rCold   . . .        I - +0 buckler
rNeg    . . .        p - +0 robe
rPois   .            (helmet unavailable)
rElec   .            m - scarf {shadows}
rCorr   .            (no gloves)
SInv    +            u - +0 pair of boots
Will    .....        r - amulet of regeneration
Stlth   ++           q - ring of magical power
HPRegen 1.10/turn    l - +5 ring of evasion
MPRegen 0.19/turn

%: no passive effects
@: no status effects
A: permanent stasis, dig shafts and tunnels, antennae 3, four strong arms
a: Dig, Shaft Self


You were on level 8 of the Dungeon.
You visited 2 branches of the dungeon, and saw 9 of its levels.

You collected 328 gold pieces.

Inventory:

Hand Weapons
 a - a +0 shortbow
 b - a +4 spear (weapon)
Missiles
 d - 11 poisoned darts
 s - 9 boomerangs
Armour
 k - the +8 tower shield of Gravitas {*Corrode Regen+ Dex+3}
   (You acquired it on level 7 of the Dungeon)

   Dex:       It affects your dexterity (+3).
   Regen:     It increases your rate of health regeneration.
   *Corrode:  It may corrode you when you take damage.
 m - a scarf of shadows (worn)
 p - a +0 robe (worn)
 u - a +0 pair of boots (worn)
 I - a +0 buckler (worn)
Jewellery
 l - a +5 ring of evasion (right hand)
 q - a ring of magical power (left hand)
 r - an amulet of regeneration (around neck)
 G - a ring of fire
Wands
 y - a wand of quicksilver (15)
 A - a wand of flame (12)
 F - a wand of charming (8)
Scrolls
 e - a scroll of brand weapon {unknown}
 o - a scroll of enchant weapon
 v - 2 scrolls of poison
 w - 2 scrolls of immolation
 z - 6 scrolls of identify
 B - a scroll of summoning
 C - a scroll of silence
Potions
 c - 2 potions of cancellation {unknown}
 f - a potion of berserk rage {unknown}
 g - a potion of attraction {unknown}
 j - 5 potions of curing {unknown}
 n - 2 potions of heal wounds {unknown}
 t - 3 potions of brilliance {unknown}
 x - a potion of degeneration {unknown}
 E - 2 potions of mutation {unknown}
 H - a potion of might {unknown}
 J - 3 potions of magic


   Skills:
 * Level 4.4 Fighting
 * Level 4.4 Armour
 - Level 3.0 Dodging
 - Level 3.0 Stealth
 - Level 3.0 Shields
 * Level 4.7 Spellcasting
 * Level 5.2 Conjurations
 - Level 2.0 Air Magic
 * Level 3.3 Poison Magic


You had 10 spell levels left.
You knew the following spells:

 Your Spells              Type           Power      Damage    Failure   Level
a - Searing Ray           Conj           50%        2d6       2%          2
b - Mephitic Cloud        Conj/Pois/Air  18%        N/A       12%         3
c - Magic Dart            Conj           100%       1d8       1%          1

Your spell library contained the following spells:

 Spells                   Type           Power      Damage    Failure   Level
 Dazzling Flash           Conj/Hex       30%        N/A       17%         3
 Call Imp                 Summ           8%         N/A       24%         2
 Volatile Blastmotes      Fire/Tloc      8%         2d10      43%         3
 Fulminant Prism          Conj/Hex       7%         3d7       50%         4
 Iskenderun's Mystic Bla  Conj/Tloc      15%        2d5       50%         4
 Manifold Assault         Tloc           4%         N/A       85%         4
 Lee's Rapid Deconstruct  Erth           2%         3d4*      99%         5
 Storm Form               Tmut/Air       4%         N/A       100%        7
 Blink                    Tloc           Unusable   N/A       N/A         2

Dungeon Overview and Level Annotations

Branches:
Dungeon (7/15)             Temple (1/1) D:6

Altars:
Ashenzari
Dithmenos
Elyvilon
Fedhas
Gozag
Qazlal
Uskayaw
Xom

Shops:
D:1 [

Annotations:
D:2 Sigmund
D:3 3 runed translucent doors, hitsuchi's ghost, amateur DsNe
D:4 exclusions: orc, orc priest and 2 sensed monsters (detected), Dowan; Duvessa
D:5 exclusions: hound, scorpion and water moccasin
D:6 exclusion: ice beast


Innate Abilities, Weirdness & Mutations

You cannot be hasted, slowed, berserked, paralysed or teleported.
You can dig through walls and to a lower floor.
You have a pair of large antennae on your head. (SInv)
Your four strong arms can wield two-handed weapons with a shield.


Message History

g - Guard the area. f - Follow me.
Anything else - Cancel.
You shout for attention!
You block the gnoll's attack. x2
What are your orders? t - Shout!
Orders for allies: a - Attack new target. r - Retreat! s - Stop attacking. g - Guard the area. f - Follow me.
Anything else - Cancel.
You shout for attention!
The gnoll hits you from afar with a +0 halberd.
You block the gnoll's attack. What are your orders? t - Shout!
Orders for allies: a - Attack new target. r - Retreat! s - Stop attacking. g - Guard the area. f - Follow me.
Anything else - Cancel.
You shout for attention!
The gnoll hits you from afar with a +0 halberd!
The gnoll closely misses you. What are your orders? t - Shout!
Orders for allies: a - Attack new target. r - Retreat! s - Stop attacking. g - Guard the area. f - Follow me.
Anything else - Cancel.
You shout for attention!
The gnoll barely misses you. You block the gnoll's attack.
What are your orders? t - Shout!
Orders for allies: a - Attack new target. r - Retreat! s - Stop attacking. g - Guard the area. f - Follow me.
Anything else - Cancel.
You shout for attention!
The gnoll hits you from afar with a +0 halberd!
You die...

{## ##g#
##gg##
##....#
#..@..#
#......#
#........#
#..........#
#............
#..........#.
#...........


You could see 3 gnolls.

Vanquished Creatures
  A water moccasin (D:7)
  A black bear (D:7)
  An ogre (D:4)
  A centaur (D:7)
  A scorpion (D:5)
  4 wights (D:7)
  5 killer bees
  5 howler monkeys (D:7)
  A hound (D:5)
  2 iguanas
  An orc wizard (D:6)
  8 adders
  A white imp (D:5)
  3 worms
  4 dart slugs
  6 orcs
  6 ball pythons
  6 endoplasms
  3 giant cockroaches
  8 goblins
  5 hobgoblins
  9 jackals
  4 quokkas
  5 bats
  4 frilled lizards
  7 kobolds
  10 rats
112 creatures vanquished.

Notes
Turn   | Place    | Note
-------+----------+-------------------------------------------
     0 | D:1      | DildoBatman the Formicid Conjurer began the quest for the
                  | Orb.
     0 | D:1      | Reached XP level 1. HP: 13/13 MP: 3/3
   218 | D:1      | Reached XP level 2. HP: 20/20 MP: 3/5
   532 | D:1      | Found Napew's Armour Shoppe.
   640 | D:1      | Reached XP level 3. HP: 16/25 MP: 0/6
   656 | D:1      | Learned a level 2 spell: Searing Ray
   841 | D:2      | Reached skill level 1 in Fighting
   860 | D:2      | Reached skill level 1 in Armour
  1077 | D:2      | Reached XP level 4. HP: 31/32 MP: 4/7
  1502 | D:2      | Noticed Sigmund
  1559 | D:2      | Found a faded altar of an unknown god.
  1977 | D:3      | Found a runed translucent gate.
  1977 | D:3      | Found a runed translucent gate.
  1977 | D:3      | Found a runed translucent gate.
  2101 | D:3      | Noticed hitsuchi's ghost (amateur DsNe)
  2378 | D:3      | Reached XP level 5. HP: 37/38 MP: 9/9
  2486 | D:4      | Identified a scroll of acquirement
  2513 | D:4      | Reached skill level 4 in Conjurations
  2857 | D:4      | Noticed an ogre
  2915 | D:4      | Killed an ogre
  2916 | D:4      | Reached XP level 6. HP: 46/46 MP: 10/10
  2942 | D:4      | Found a stormy altar of Qazlal.
  3163 | D:4      | Noticed Duvessa
  3170 | D:4      | Noticed Dowan
  3241 | D:5      | Entered Level 5 of the Dungeon
  3578 | D:5      | Noticed a water moccasin
  3642 | D:5      | Reached XP level 7. HP: 52/52 MP: 12/12
  3933 | D:6      | Found a white marble altar of Elyvilon.
  4117 | D:6      | Learned a level 3 spell: Mephitic Cloud
  4300 | D:6      | Found a staircase to the Ecumenical Temple.
  4310 | Temple   | Entered the Ecumenical Temple
  4716 | D:7      | Acquired the +8 tower shield of Gravitas {*Corrode Regen+
                  | Dex+3}
  4778 | D:7      | Reached skill level 1 in Shields
  4778 | D:7      | Reached skill level 1 in Poison Magic
  4839 | D:6      | Reached skill level 1 in Air Magic
  4957 | D:7      | Reached XP level 8. HP: 59/59 MP: 14/14
  5011 | D:7      | Reached skill level 5 in Conjurations
  5120 | D:7      | Noticed a wraith
  5287 | D:7      | Noticed a gargoyle
  5298 | D:7      | You fall into a shaft and drop 1 floor!
  5336 | D:8      | Slain by a gnoll

Illustrated notes

Levels and vault maps discovered:
D:1:      dpeg_arrival_tiny_h, layout_basic, serial_shops, shop
D:2:      layout_basic, shapermc_ecumenical_altar_hornbeckon,
          minmay_tetromino_o4, uniq_sigmund, uniq_crazy_yiuf_cottage
D:3:      layout_loops_ring, gammafunk_ghost_icy, ebering_dispersal_statue_hall
D:4:      layout_loops_ring, lemuel_crystal_altar, lemuel_tele_altar,
          lightli_temple_of_fire, uniq_duvessa
D:5:      cheibrodos_iron_armory, layout_layer_cave
D:6:      layout_rooms, nicolae_hepliaklqana_hippocampus, amcnicky_altar_gilded,
          minmay_temple_entry_statues_fountains, minivault_22,
          nicolae_figureground_pulse
D:7:      minmay_the_grid_octo_tiled_squarecenter [minmay_the_grid_octo_chip,
          minmay_the_grid_octo_77, minmay_the_grid_octo_checkered,
          minmay_the_grid_octo_teeth,
          minmay_the_grid_square_5x5_megaprize_checkered,
          minmay_the_grid_square_5x5_fat_x,
          minmay_the_grid_square_5x5_hollow_slash,
          minmay_the_grid_square_5x5_pentomino_r,
          minmay_the_grid_square_5x5_inset], layout_gridville,
          nicolae_tso_besieged_by_evil, nicolae_nh_ransacked_shop
D:8:      layout_cave_pods, makhleb_grotto_becter,
          nicolae_overflow_hidden_temple, minmay_guarded_unrand_variability
Temple:   nicolae_temple_superstar

Skill      XL: |  1  2  3  4  5  6  7  8 |
---------------+-------------------------+-----
Dodging        | 2 3 |  3.0
Fighting       | 1 2 3 4 |  4.4
Armour         | 1 2 3 4 |  4.4
Stealth        | 3 |  3.0
Conjurations   | 4 5 |  5.2
Spellcasting   | 3 4 |  4.7
Shields        | 1 3 |  3.0
Poison Magic   | 1 3 |  3.3
Air Magic      | 1 2 |  2.0

Action                     |  1- 3 |  4- 6 |  7- 9 || total
---------------------------+-------+-------+-------++-------
  Melee: Whip              |    18 |       |       ||    18
         Short sword       |    43 |    16 |       ||    59
         Punch             |     1 |       |       ||     1
         Spear             |       |       |     5 ||     5
   Fire: Sling             |       |    63 |    31 ||    94
   Cast: Magic Dart        |    48 |    21 |     6 ||    75
         Searing Ray       |     2 |    22 |    30 ||    54
Ability: Dig               |       |     1 |       ||     1
         Shaft Self        |       |       |     1 ||     1
    Use: Scroll            |       |     9 |     1 ||    10
   Stab: Sleeping          |     4 |     1 |       ||     5
 Armour: Robe              |    21 |    11 |    14 ||    46
  Dodge: Dodged            |    58 |    53 |    92 ||   203
  Block: Buckler           |       |       |    11 ||    11
